 Dungeon Crawl Stone Soup version 0.30-a0-743-gbfdf073431 (webtiles) character file.

Game seed: 9160595821675021026

517 M4edhros the Sneak (level 7, -6/47 HPs)
             Began as an Octopode Delver on Feb 6, 2023.
             Was an Elder of Cheibriados.
             Mangled by an ice beast (14 damage)
             ... on level 4 of the Dungeon.
             The game lasted 00:08:19 (1888 turns).

M4edhros the Sneak (Octopode Delver)                Turns: 1888, Time: 00:08:20

Health: -6/47      AC:  1    Str: 20      XL:     7   Next: 20%
Magic:  9/9        EV: 15    Int: 18 (21) God:    Cheibriados [****..]
Gold:   209        SH:  0    Dex: 24 (25) Spells: 7/9 levels left

rFire   . . .      SeeInvis .      - Unarmed
rCold   . . .      Faith    .    j - orb {light}
rNeg    . . .      Spirit   .    (helmet restricted)
rPois   .          Reflect  .    (no amulet)
rElec   .          Harm     .    (no ring)
rCorr   .          Rampage  .    (no ring)
Will    .....                    (no ring)
Stlth   ++                       (no ring)
HPRegen 0.27/turn                (no ring)
MPRegen 0.11/turn                (no ring)
                                 (no ring)
                                 (no ring)

@: glowing, very slow
A: almost no armour, amphibious, 8 rings, camouflage 1, gelatinous body 1,
(nimble swimmer 1), tentacles
a: Renounce Religion, Bend Time, Temporal Distortion, Slouch


You were on level 4 of the Dungeon.
You worshipped Cheibriados.
Cheibriados was greatly pleased with you.
You visited 2 branches of the dungeon, and saw 6 of its levels.

You collected 209 gold pieces.

Inventory:

Hand Weapons
 i - a +3 lajatang of venom
Armour
 j - an orb of light (worn)
 k - a +0 kite shield
Wands
 e - a wand of digging (3)
 f - a wand of flame (38)
Scrolls
 a - 2 scrolls of fog
 b - a scroll of magic mapping
 g - 2 scrolls of identify
 h - 3 scrolls of teleportation
 l - 2 scrolls of poison
Potions
 d - 3 potions of haste


   Skills:
 + Level 3.6 Fighting
 - Level 1.4 Staves
 + Level 2.9 Dodging
 - Level 6.6 Stealth
 * Level 5.9 Unarmed Combat
 + Level 1.5 Spellcasting
 + Level 1.8 Hexes
 + Level 0.4 Evocations


You had 7 spell levels left.
You knew the following spells:

 Your Spells              Type           Power      Damage    Failure   Level
a - Ensorcelled Hibernat  Hex/Ice        8%         N/A       21%         2

Your spell library contained the following spells:

 Spells                   Type           Power      Damage    Failure   Level
 Passwall                 Tmut/Erth      0%         N/A       28%         2
 Dazzling Flash           Conj/Hex       8%         N/A       36%         3
 Swiftness                Air            1%         N/A       50%         3
 Silence                  Hex/Air        2%         N/A       98%         5
 Summon Mana Viper        Hex/Summ       4%         N/A       98%         5
 Agony                    Necr           1%         N/A       99%         5
 Summon Forest            Summ/Tloc      0%         N/A       99%         5
 Summon Cactus Giant      Summ           0%         N/A       100%        6


Dungeon Overview and Level Annotations

Branches:
Dungeon (5/15)             Temple (1/1) D:5

Altars:
Cheibriados
Dithmenos
Fedhas
Gozag
Okawaru
Qazlal
Trog
Uskayaw
Zin


Innate Abilities, Weirdness & Mutations

You cannot wear most types of armour.
You are amphibious.
You can wear up to eight rings at the same time.
Your skin changes colour to match your surroundings (Stealth+).
Your rubbery body absorbs attacks. (AC +1, EV +1)
((You are camouflaged when in or above water. (Stealth+)))
You have tentacles for arms and can constrict up to eight enemies at once.


Message History

The gnoll shouts!
The gnoll hits you with a +0 halberd! The orc misses you.
The orc hits you with a +0 whip. x2; The orc hits you with a +0 club.
* * * LOW HITPOINT WARNING * * *
Okay, then.
As you read the scroll of fear, it crumbles to dust.
You assume a fearsome visage.
The gnoll bouda looks frightened!
The gnoll looks frightened! x3; The orc looks frightened! x3
The gnoll mutters, "Damn and blast!"
There is an open door here.
You close the door.
You open the door.
A ball python comes into view.
The ball python misses you. The ball python closely misses you.
The ball python bites you. The ball python barely misses you.
There is an open door here.
You bludgeon the ball python!
You kill the ball python!
Cheibriados appreciates the change of pace.
Found 5 gold pieces.
You see here a ball python corpse.
An ice beast comes into view.
Found 8 gold pieces.
The ice beast closely misses you.
Aiming: Throw Flame
Press: ? - help, Shift-Dir - straight line, f - ice beast
Aim: an ice beast (haloed, 79% to hit)
The puff of flame hits the ice beast but does no damage.
The ice beast hits you. The ice beast freezes you!
* * * LOW HITPOINT WARNING * * *
You feel better. The ice beast misses you.
You feel better. The ice beast hits you. The ice beast freezes you!
* * * LOW HITPOINT WARNING * * *
You feel better. The ice beast hits you. The ice beast freezes you!
* * * LOW HITPOINT WARNING * * *
Okay, then.
You feel better. The ice beast hits you.
* * * LOW HITPOINT WARNING * * *
The ice beast freezes you!
You die...

#........#
#####.#........#
#.##.#.###.###. ##'####
....... ##...## ##...##
##.....## #.....#
##.......###.....######
#.........##..........#
+.........'o...@Y.$....
#.........####.###.##.#
##.......## #.#
##.....## #.# ##...##
#$. ##+## #.# #.# #..
#.# #.# ### #.#
######.### ##.##


You could see an ice beast and an orc.

Vanquished Creatures
  A hound (D:3)
  3 orc priests
  Jessica (D:2)
  2 iguanas (D:5)
  Natasha (thrice) (D:2)
  2 orc wizards (D:2)
  7 adders
  3 ufetubi
  A dart slug (D:5)
  7 orcs
  6 bats
  4 endoplasms
  4 giant cockroaches
  8 goblins
  12 hobgoblins
  18 jackals
  5 quokkas
  12 ball pythons
  4 frilled lizards
  5 kobolds
  4 rats (D:1)
112 creatures vanquished.

Vanquished Creatures (others)
  A fungus (D:2)
1 creature vanquished.

Grand Total: 113 creatures vanquished

Notes
Turn   | Place    | Note
-------+----------+-------------------------------------------
     0 | D:5      | M4edhros the Octopode Delver began the quest for the Orb.
     0 | D:5      | Reached XP level 1. HP: 16/16 MP: 1/1
    49 | D:5      | Noticed an iguana
    55 | D:5      | Killed an iguana
    56 | D:5      | Reached XP level 2. HP: 21/21 MP: 2/2
    56 | D:5      | Reached XP level 3. HP: 26/26 MP: 3/3
    58 | D:5      | Found a staircase to the Ecumenical Temple.
    73 | Temple   | Entered the Ecumenical Temple
    99 | Temple   | Became a worshipper of Cheibriados the Contemplative
   131 | D:5      | Reached XP level 4. HP: 31/31 MP: 4/4
   279 | D:3      | Reached skill level 5 in Unarmed Combat
   335 | D:3      | Reached skill level 1 in Staves
   335 | D:3      | Reached XP level 5. HP: 31/36 MP: 5/5
   356 | D:3      | Learned a level 2 spell: Ensorcelled Hibernation
   474 | D:3      | Reached * piety under Cheibriados
   819 | D:1      | Reached ** piety under Cheibriados
  1142 | D:2      | Noticed Natasha
  1149 | D:2      | Killed Natasha
  1150 | D:2      | Reached XP level 6. HP: 30/42 MP: 6/6
  1187 | D:2      | Noticed Natasha
  1196 | D:2      | Killed Natasha
  1197 | D:2      | Reached skill level 1 in Hexes
  1243 | D:2      | Noticed Jessica
  1248 | D:2      | Killed Jessica
  1272 | D:2      | Reached *** piety under Cheibriados
  1275 | D:2      | Reached skill level 1 in Spellcasting
  1331 | D:2      | Noticed Natasha
  1334 | D:2      | Killed Natasha
  1335 | D:2      | Reached XP level 7. HP: 46/46 MP: 7/9
  1630 | D:4      | Reached **** piety under Cheibriados
  1887 | D:4      | HP: 2/47 [ice beast (14)]
  1888 | D:4      | Mangled by an ice beast

Illustrated notes

Levels and vault maps discovered:
D:1:      dpeg_arrival_round_b, layout_basic, serial_forest,
          infiniplex_forest_pool, infiniplex_forest_clump_curved,
          infiniplex_forest_clump_diagonal, infiniplex_forest_lined_2,
          infiniplex_forest_clump_diagonal, infiniplex_forest_clump_double,
          infiniplex_forest_clump_tiny, st_stairs_8, minmay_strange_pillars
D:2:      layout_loops_ring, hangedman_decor_riveting, uniq_jessica,
          uniq_natasha, uniq_crazy_yiuf_cottage
D:3:      layout_basic, tgw_sif
D:4:      layout_loops_corners, st_stairs_8
D:5:      layout_loops_ring, nicolae_overflow_hidden_temple,
          minmay_temple_entry_wispy, serial_shops, nicolae_shop_hallway_stairs
Temple:   nicolae_temple_superstar

Skill      XL: |  1  2  3  4  5  6 |
---------------+-------------------+-----
Unarmed Combat | 3 4 5 |  5.9
Staves         | 1 |  1.4
Hexes          | 1 |  1.8
Spellcasting   | 1 |  1.5
Fighting       | |  3.6
Dodging        | |  2.9
Stealth        | |  6.6
Evocations     | |  0.4

Action                     |  1- 3 |  4- 6 |  7- 9 || total
---------------------------+-------+-------+-------++-------
  Melee: Unarmed           |    12 |   144 |    34 ||   190
         Tentacles         |     4 |    40 |     5 ||    49
         Constrict         |     4 |    55 |     9 ||    68
         Punch             |     1 |     5 |       ||     6
  Evoke: Wand              |     3 |     5 |     1 ||     9
    Use: Potion            |       |     4 |     4 ||     8
         Scroll            |       |       |     5 ||     5
   Stab: Sleeping          |     1 |     8 |     2 ||    11
 Armour: Skin              |       |    10 |     3 ||    13
  Dodge: Dodged            |     5 |   112 |    32 ||   149

Table legend: (Time is in decaauts)
 A = Elapsed time spent in this place.
 B = Non-inter-level travel time spent in this place.
 C = Inter-level travel time spent in this place.
 D = Time resting spent in this place.
 E = Time spent auto-exploring this place.
 F = Levels seen in this place.
 G = Mean time per level.
                   A        B        C        D        E       F      G
               +--------+--------+--------+--------+--------+-----+--------+
         Total |   2608 |   2517 |     91 |      0 |    125 |   6 |  434.7 |
       Dungeon |   2554 |   2489 |     65 |      0 |    125 |   5 |  510.8 |
        Temple |     53 |     27 |     26 |      0 |      0 |   1 |   53.0 |
               +--------+--------+--------+--------+--------+-----+--------+

Top non-repeatable levels by time:
     D:1: 786 daAuts
     D:4: 638 daAuts
     D:2: 520 daAuts
     D:3: 481 daAuts
     D:5: 127 daAuts
  Temple: 53 daAuts
